 Dungeon Crawl Stone Soup version 0.32-a0-834-geaf45d8e21 (webtiles) character file.

Game seed: 1716240468161274545

110 pokeman the Magician (level 4, 0/25 HPs)
             Began as a Deep Elf Hedge Wizard on Mar 25, 2024.
             Shot with a sling bullet by a goblin (4 damage)
             ... on level 4 of the Dungeon.
             The game lasted 00:05:02 (3663 turns).

pokeman the Magician (Deep Elf Hedge Wizard)        Turns: 3663, Time: 00:05:03

Health: 0/25       AC:  2    Str:  7    XL:     4   Next: 61%
Magic:  7/13       EV: 12    Int: 21    God:
Gold:   202        SH:  0    Dex: 14    Spells: 6/14 levels left

rFire   . . .        k - +0 dagger (drain)
rCold   . . .        (no shield)
rNeg    . . .        b - +0 robe
rPois   .            c - +0 hat
rElec   .            (no cloak)
rCorr   .            (no gloves)
SInv    .            (no boots)
Will    .....        (no amulet)
Stlth   ++           (no ring)
HPRegen 0.24/turn    (no ring)
MPRegen 0.13/turn

%: no passive effects
@: no status effects
A: no striking features
a: no special abilities


You were on level 4 of the Dungeon.
You visited 2 branches of the dungeon, and saw 5 of its levels.

You collected 202 gold pieces.

Inventory:

Hand Weapons
 k - a +0 dagger of draining (weapon)
Armour
 b - a +0 robe (worn)
 c - a +0 hat (worn)
Magical Staves
 e - a staff of alchemy
Scrolls
 a - 2 scrolls of amnesia {unknown}
 g - 3 scrolls of poison {unknown}
 h - a scroll of summoning {unknown}
 i - a scroll of identify {unknown}
 j - a scroll of vulnerability {unknown}
 m - a scroll of torment {unknown}
 o - a scroll of blinking {unknown}
 p - a scroll of brand weapon {unknown}
Potions
 d - a potion of magic
 f - 2 potions of attraction {unknown}
 l - a potion of curing {unknown}
 n - a potion of brilliance {unknown}


   Skills:
 + Level 1.2 Fighting
 - Level 1.0 Armour
 + Level 2.9 Dodging
 - Level 2.4 Stealth
 * Level 5.8 Spellcasting
 + Level 2.3 Conjurations
 - Level 1.1 Summonings
 - Level 1.1 Translocations


You had 6 spell levels left.
You knew the following spells:

 Your Spells              Type           Power      Damage    Failure   Level
a - Magic Dart            Conj           64%        1d6       3%          1
b - Mephitic Cloud        Conj/Alch/Air  9%         N/A       22%         3
c - Call Imp              Summ           20%        N/A       10%         2
d - Blink                 Tloc           20%        N/A       10%         2

Your spell library contained the following spells:

 Spells                   Type           Power      Damage    Failure   Level
 Slow                     Hex            24%        N/A       10%         1
 Cigotuvi's Dreadful Rot  Necr/Alch/Air  12%        N/A       16%         2


Dungeon Overview and Level Annotations

Branches:
Dungeon (4/15)             Temple (1/1) D:4

Altars:
Ashenzari
Cheibriados
Dithmenos
Gozag
Kikubaaqudgha
Makhleb
Nemelex Xobeh
Okawaru
Qazlal
Sif Muna
Trog
Uskayaw
Wu Jian
Xom
Yredelemnul
Zin

Annotations:
D:3 1 runed translucent door, GloriousHammer's ghost, weakling TeFE
D:4 3 runed translucent doors, xianbchi's ghost, weakling DEDe


Message History

The black bear appears confused.
The black bear is engulfed in noxious fumes.
The black bear appears confused.
The black bear closely misses you. x3
The black bear bites itself.
The black bear claws itself but does no damage.
The black bear claws itself.
The goblin unwields a +0 club.
The goblin wields a +0 sling.
The goblin shoots a sling bullet.
The sling bullet hits you.
There is a staircase to the Ecumenical Temple here.
The goblin shoots a sling bullet.
The sling bullet barely misses you.
The black bear barely misses the orc.
The black bear claws the orc. x2
The orc is killed!
You hear a shout!
You climb downwards.
Welcome to the Ecumenical Temple!
Found six altars.
Found a staircase back to the Dungeon.
There is a staircase back to the Dungeon here.
Unknown command.
Unknown command.
You climb upwards.
Welcome back to the Dungeon!
You hear the sound of rushing water.
There is an entrance to a sewer on this level.
Hurry and find it before the portal rusts away!
Level annotation: 3 runed translucent doors, xianbchi's ghost, weakling DEDe The goblin hits you with a +0 club.
The goblin shoots a sling bullet.
The sling bullet hits you. The goblin barely misses you.
The goblin shoots a sling bullet.
The sling bullet barely misses you.
There is a staircase to the Ecumenical Temple, spattered with blood here.
Casting: Mephitic Cloud (extremely dangerous; 22% risk of failure)
Confirm with . or Enter, or press ? or * to list all spells.
Aiming: Magic Dart (safe; 3% risk of failure)
Press: ? - help, Shift-Dir - straight line, f - goblin
Aim: a goblin, wielding a +0 club (100% to hit)
The magic dart hits the goblin.
You kill the goblin!
The black bear bites you!
* * * LOW HITPOINT WARNING * * *
The black bear barely misses you. The black bear closely misses you.
The goblin shoots a sling bullet.
The sling bullet barely misses you.
The goblin shoots a sling bullet.
The sling bullet closely misses you.
The goblin shoots a sling bullet.
The sling bullet hits you.
You die...

.......###..#......
#...!...#......
##...⌠ß........
##..)...g.......
#...>.⌠ß........
#.....g.........
#..>..⌠ß.......
#.....h........
#......@...)...
#..............
##.............
##.....#.....#
#############


You could see a black bear (confused), a hobgoblin and a goblin.

Vanquished Creatures
  2 adders
  2 ufetubi (D:3)
  A dart slug (D:1)
  A ribbon worm (D:2)
  2 orcs
  3 ball pythons
  6 bats
  4 endoplasms
  2 giant cockroaches (D:1)
  5 goblins
  5 hobgoblins
  6 jackals (D:3)
  8 kobolds
  5 quokkas
  4 frilled lizards
  13 rats
69 creatures vanquished.

Vanquished Creatures (collateral kills)
  A ribbon worm (D:2)
1 creature vanquished.

Grand Total: 70 creatures vanquished

Notes
Turn   | Place    | Note
-------+----------+-------------------------------------------
     0 | D:1      | pokeman the Deep Elf Hedge Wizard began the quest for the
                  | Orb.
     0 | D:1      | Reached XP level 1. HP: 10/10 MP: 7/7
   413 | D:1      | Reached XP level 2. HP: 15/16 MP: 7/9
   938 | D:1      | Reached skill level 5 in Spellcasting
  1217 | D:2      | Found an opulent altar of Gozag.
  1341 | D:2      | Reached XP level 3. HP: 20/20 MP: 9/11
  1349 | D:2      | Learned a level 3 spell: Mephitic Cloud
  1352 | D:2      | Learned a level 2 spell: Call Imp
  1355 | D:2      | Learned a level 2 spell: Blink
  2020 | D:2      | Reached skill level 1 in Armour
  2381 | D:3      | Found a faded altar of an unknown god.
  2481 | D:3      | Reached skill level 1 in Fighting
  2537 | D:3      | Found a sparkling altar of Nemelex Xobeh.
  2620 | D:3      | Found an ornate altar of the Wu Jian Council.
  2765 | D:3      | Reached XP level 4. HP: 25/25 MP: 4/13
  3533 | D:3      | Found a runed translucent door.
  3533 | D:3      | Noticed GloriousHammer's ghost (weakling TeFE)
  3594 | D:4      | Found a runed translucent gate.
  3616 | D:4      | Found a runed translucent gate.
  3617 | D:4      | Found a runed translucent gate.
  3619 | D:4      | Noticed xianbchi's ghost (weakling DEDe)
  3645 | D:4      | Found a staircase to the Ecumenical Temple.
  3645 | D:4      | Noticed a black bear
  3656 | Temple   | Entered the Ecumenical Temple
  3663 | D:4      | Shot with a sling bullet by a goblin

Illustrated notes

Levels and vault maps discovered:
D:1:      erik_arrival_blinker_ship, layout_basic, minmay_misc_feat_encased
D:2:      layout_loops_corners, basic_altar, hex_medium, fountainhead
D:3:      layout_basic, nicolae_wu_jian_wuxing_cycle,
          mainiacjoe_overflow_catwalk, ebering_ghost_inner_flame,
          nicolae_ecumenical_oubliette
D:4:      layout_rooms, fedhas_altar_1, minmay_temple_entry_drinking_statues,
          gammafunk_ghost_necromancy, gup_sewer_entry_bowl, corexii_checkpoint
Temple:   eino_temple_lava

Skill      XL: |  1  2  3 |
---------------+----------+-----
Spellcasting   | 5 |  5.8
Armour         | 1 |  1.0
Conjurations   | 2 |  2.3
Fighting       | 1 |  1.2
Dodging        | |  2.9
Stealth        | |  2.4
Summonings     | |  1.1
Translocations | |  1.1

Action                     |  1- 3 |  4- 6 || total
---------------------------+-------+-------++-------
  Melee: Dagger            |    19 |       ||    19
   Cast: Magic Dart        |   128 |    43 ||   171
         Call Imp          |     3 |       ||     3
         Mephitic Cloud    |       |     1 ||     1
   Stab: Distracted        |     1 |       ||     1
 Armour: Robe              |    18 |    13 ||    31
  Dodge: Dodged            |    20 |    15 ||    35

Table legend: (Time is in decaauts)
 A = Elapsed time spent in this place.
 B = Non-inter-level travel time spent in this place.
 C = Inter-level travel time spent in this place.
 D = Time resting spent in this place.
 E = Time spent auto-exploring this place.
 F = Levels seen in this place.
 G = Mean time per level.
                   A        B        C        D        E       F      G
               +--------+--------+--------+--------+--------+-----+--------+
         Total |   3662 |   3575 |     87 |      0 |   3144 |   5 |  732.4 |
       Dungeon |   3661 |   3574 |     87 |      0 |   3144 |   4 |  915.2 |
        Temple |      1 |      1 |      0 |      0 |      0 |   1 |    1.0 |
               +--------+--------+--------+--------+--------+-----+--------+

Top non-repeatable levels by time:
     D:2: 1280 daAuts
     D:3: 1173 daAuts
     D:1: 1123 daAuts
     D:4: 84 daAuts
  Temple: 1 daAuts
